 Dungeon Crawl Stone Soup version 0.25.1-2-g60ff931df9 (webtiles) character file.

Game seed: 3299536911263394725

125337 Kaptain the Earth Mage (level 16, -3/101 HPs)
             Began as a Gargoyle Earth Elementalist on Sept 10, 2020.
             Slain by a shambling mangrove (19 damage)
             ... on level 1 of the Swamp on Sept 11, 2020.
             The game lasted 02:39:50 (35821 turns).

Kaptain the Earth Mage (GrEE)                      Turns: 35821, Time: 02:39:52

Health: -3/101     AC: 26    Str: 13    XL:     16   Next: 95%
Magic:  8/33       EV: 13    Int: 39    God:
Gold:   3448       SH:  8    Dex: 20    Spells: 23/42 levels left

rFire    + . .     SeeInvis +   u - staff of earth
rCold    + . .     Gourm    .   I - +2 buckler "Azydeawidd" {rPois Int+9 SInv}
rNeg     + . .     Faith    .   A - +2 steam dragon scales of Truth {Int+2 Dex+4}
rPois    ∞         Spirit   .   t - +1 helmet
rElec    +         Reflect  .   y - scarf {rC+ rF+}
rCorr    .         Harm     .   T - +2 pair of gloves
MR       +....                  (no boots)
Stlth    +++.......             g - amulet of regeneration
HPRegen  0.66/turn              Y - +6 ring of dexterity
MPRegen  0.23/turn              N - +6 ring of intelligence

@: grasped by roots, flying, constricted
A: big wings, negative energy resistance 1, electricity resistance, unbreathing,
petrification resistance, rot immunity, AC +12
a: Stop Flying


You were on level 1 of the Swamp.
You were not hungry.

You visited 6 branches of the dungeon, and saw 25 of its levels.

You collected 3448 gold pieces.

Inventory:

Hand Weapons
 p - a +2 demon blade of electrocution
 z - a +2 morningstar of holy wrath
Missiles
 b - 140 stones (quivered)
Armour
 t - a +1 helmet (worn)
 y - a scarf of resistance (worn)
 A - the +2 steam dragon scales of Truth (worn) {Int+2 Dex+4}
   (You found it on level 8 of the Dungeon)

   It affects your intelligence (+2).
   It affects your dexterity (+4).
 I - the +2 buckler "Azydeawidd" (worn) {rPois Int+9 SInv}
   (You acquired it on level 4 of the Lair of Beasts)

   It affects your intelligence (+9).
   It protects you from poison.
   It lets you see invisible.
 P - the +8 scale mail of the Gravedigger {Int+3 Dex+3 SInv}
   (You found it on level 1 of the Lair of Beasts)

   It affects your intelligence (+3).
   It affects your dexterity (+3).
   It lets you see invisible.
 T - a +2 pair of gloves (worn)
 V - the +1 leather armour of Loll {rElec rC++ Dex-3 SInv}
   (You found it on level 6 of the Lair of Beasts)

   It affects your dexterity (-3).
   It greatly protects you from cold.
   It insulates you from electricity.
   It lets you see invisible.
Magical Staves
 u - an uncursed staff of earth (weapon)
 C - an uncursed staff of energy
 E - an uncursed staff of wizardry
Jewellery
 g - an amulet of regeneration (around neck)
 N - a +6 ring of intelligence (right hand)
 Y - a +6 ring of dexterity (left hand)
Wands
 c - a wand of digging (9)
 i - a wand of polymorph (12)
 v - a wand of clouds (8)
 B - a wand of disintegration (39)
 M - a wand of enslavement (4)
 O - a wand of acid (1)
Scrolls
 a - 16 scrolls of teleportation
 k - a scroll of enchant weapon
 m - 3 scrolls of immolation
 o - 5 scrolls of amnesia
 s - 4 scrolls of enchant armour
 w - 13 scrolls of remove curse
 D - 3 scrolls of blinking
 S - 3 scrolls of magic mapping
Potions
 e - 3 potions of resistance
 f - a potion of magic
 h - 3 potions of mutation
 j - 4 potions of might
 l - 12 potions of curing
 q - a potion of cancellation
 r - 5 potions of heal wounds
 x - a potion of berserk rage
 G - a potion of invisibility
 R - 5 potions of stabbing
 U - 2 potions of brilliance
 W - a potion of ambrosia
Miscellaneous
 H - a phantom mirror
 K - a lightning rod (4/4)
Comestibles
 d - 42 rations


   Skills:
 + Level 11.7 Fighting
 - Level 9.0 Armour
 + Level 5.2 Dodging
 + Level 3.6 Stealth
 - Level 6.0 Shields
 * Level 13.9 Spellcasting
 * Level 15.2 Conjurations
 - Level 0.7 Transmutations
 * Level 17.4 Earth Magic


You had 23 spell levels left.
You knew the following spells:

 Your Spells              Type           Power        Failure   Level  Hunger
a - Sandblast             Erth           ######       0%          1    None
b - Stone Arrow           Conj/Erth      ######       0%          3    None
c - Lee's Rapid Deconstr  Erth           ########..   1%          5    None
d - Animate Skeleton      Necr           N/A          1%          1    None
e - Passwall              Tmut/Erth      #######.     1%          2    None
f - Shroud of Golubria    Chrm/Tloc      ####..       1%          2    None
g - Borgnjor's Vile Clut  Necr/Erth      #######...   1%          5    None

Your spell library contained the following spells:

 Spells                   Type           Power        Failure   Level  Hunger
 Apportation              Tloc           ####..       1%          1    None
 Corona                   Hex            ####...      1%          1    None
 Foxfire                  Conj/Fire      ####         1%          1    None
 Freeze                   Ice            ####         1%          1    None
 Infusion                 Chrm           ####         1%          1    None
 Summon Small Mammal      Summ           ####         1%          1    None
 Corpse Rot               Necr/Air       N/A          1%          2    None
 Ensorcelled Hibernation  Hex/Ice        ####..       1%          2    None
 Song of Slaying          Chrm           ####....     1%          2    None
 Fulminant Prism          Conj/Hex       ######....   1%          4    None
 Hailstorm                Conj/Ice       ######..     1%          4    None
 Petrify                  Tmut/Erth      #######.     1%          4    None
 Frozen Ramparts          Ice            ####..       3%          3    None
 Ozocubu's Armour         Chrm/Ice       ####....     3%          3    None
 Spectral Weapon          Hex/Chrm       ####....     3%          3    None
 Cause Fear               Hex            ####......   13%         4    None
 Dispel Undead            Necr           ####....     13%         4    None
 Summon Ice Beast         Ice/Summ       ####....     13%         4    None
 Yara's Violent Unravell  Hex/Tmut       ####......   30%         5    None
 Agony                    Necr           ####....     34%         5    None
 Excruciating Wounds      Chrm/Necr      ####......   34%         5    None
 Silence                  Hex/Air        ####......   34%         5    None
 Darkness                 Hex            ####......   89%         6    #......
 Shadow Creatures         Summ           N/A          89%         6    #......
 Simulacrum               Ice/Necr       ####......   89%         6    #......
 Discord                  Hex            ####......   100%        8    ######.
 Dragon's Call            Summ           ####......   100%        9    #######
 Sublimation of Blood     Necr           Unusable     N/A         2    N/A

Dungeon Overview and Level Annotations

Branches:
Dungeon (12/15)            Temple (1/1) D:5            Lair (6/6) D:8
  Swamp (1/4) Lair:3        Snake (3/4) Lair:3        Slime (0/5) Lair:5
    Orc (2/2) D:12            Elf (0/3) Orc:2

Altars:
Ashenzari
Cheibriados
Dithmenos
Elyvilon
Fedhas
Gozag
Hepliaklqana
Kikubaaqudgha
Makhleb
Nemelex Xobeh
Okawaru
Qazlal
Ru
Sif Muna
Trog
Uskayaw
Vehumet
Wu Jian
Xom
Yredelemnul
Zin
The Shining One
Beogh

Shops:
D:11 (   Orc:2 !}[[!

Annotations:
Snake:2 1 runed translucent door
Snake:3 Louise


Innate Abilities, Weirdness & Mutations

You are resistant to torment.
Your stone body is resilient. (AC +12)
You are immune to poison.
Your large and strong wings let you fly indefinitely.
You resist negative energy. (rN+)
You are resistant to electric shocks. (rElec)
You can survive without breathing.
You are immune to petrification.
You are immune to rotting.


Message History

The stone arrow hits the shambling mangrove.
The shambling mangrove is almost destroyed.
The hornet stings you. x2; You block the hornet's attack.
You block the shambling mangrove's attack.
The grasping roots constrict you! The hornet misses you.
The hornet stings you but does no damage.
You block the hornet's attack.
Casting: Stone Arrow (safe; 0% risk of failure)
Confirm with . or Enter, or press ? or * to list all spells.
Aiming: Stone Arrow (safe; 0% risk of failure)
Press: ? - help, Shift-Dir - straight line, f/p - shambling mangrove
Aim: a shambling mangrove (almost destroyed)
You feel a surge of power!
The stone arrow hits the shambling mangrove.
The shambling mangrove is almost destroyed.
The hornet stings you.
The hornet stings you but does no damage. x2
The shambling mangrove hits you!!
* * * LOW HITPOINT WARNING * * *
You die...

♣♣.≈≈≈.♣♣♣♣♣♣≈..♣...,,,,≈≈≈≈≈,*,,
.≈!≈≈≈≈....≈≈≈≈.≈.≈,,,≈,,,,≈≈,,≈≈
....≈≈≈≈≈≈..≈≈≈..≈♣******≈,≈,,,,,
♣♣♣♣....≈≈≈†≈≈.♣*♣♣♣♣ *,,,,,≈,,,
♣ ♣♣♣♣.≈≈≈...♣♣♣.≈.♣ *≈≈,,,,,,*
♣***♣≈≈.≈≈≈≈|♣♣..≈≈.♣♣ *,,,,,,,,,
♣≈♣.≈≈≈≈≈≈..≈♣♣.≈≈≈.≈♣**,,,,,,*,*
*...≈≈≈≈≈.≈≈..(.yy..≈♣♣.,,,,,,,,*
*♣♣≈≈≈≈≈≈.≈♣....@f.≈....≈,,*,,***
♣≈.≈≈≈≈≈≈..≈...y..≈≈..,≈≈,,,,,,
♣.≈≈≈≈≈≈≈≈.....≈.....≈,,,,,,,,,
*≈.≈≈.....≈≈≈≈.......♣,≈,,,*,,,
*≈.≈≈≈≈..♣.≈≈.≈≈.♣>.♣♣*≈≈,,,,,,
**♣♣♣♣♣♣♣♣♣♣≈♣♣♣♣♣♣♣♣ *≈≈≈*,,,*
♣♣♣ **,,,*,** *,,≈,≈,, **,*,≈≈,


You could see a shambling mangrove and 3 hornets.

Vanquished Creatures
  2 nagarajas
  2 entropy weavers (Lair:6)
  Azrael (Snake:2)
  5 dire elephants (Lair:6)
  9 naga warriors
  The ghost of TheNamelessOne the Cleaver, a journeyman FoFi of Gozag (D:10)
  Erolcha (Orc:2)
  11 anacondas
  12 hydras
  4 two-headed ogres (D:9)
  5 death yaks
  A queen ant (Lair:6)
  The ghost of Fiaforyo the Blocker, a journeyman OpCj of Sif Muna (Lair:2)
  2 naga sharpshooters
  An orc high priest (Orc:2)
  Urug (Orc:1)
  2 shock serpents
  Nergalle (Orc:2)
  A spectral death yak (Lair:2)
  A salamander mystic (Snake:2)
  A swamp dragon (Swamp:1)
  3 naga ritualists
  2 spectral hydras (Lair:2)
  6 mana vipers
  8 orc sorcerers (Orc:2)
  A manticore (D:9)
  11 elephants
  3 cyclopes
  4 salamanders
  6 naga magi
  9 spiny frogs
  20 black mambas
  2 guardian serpents (Snake:2)
  4 centaur skeletons
  2 gargoyles (D:11)
  4 rime drakes
  6 komodo dragons
  2 queen bees
  6 polar bears
  A hornet (D:11)
  A merfolk (D:9)
  9 trolls
  5 tyrant leeches
  A spectral black mamba (Lair:2)
  4 slime creatures (Swamp:1)
  3 bog bodies (Swamp:1)
  27 blink frogs
  5 dream sheep (Lair:6)
  9 hippogriffs
  A vampire (D:11)
  3 wyverns
  A wraith (D:10)
  A shadow (D:11)
  4 basilisks
  48 yaks
  A spectral komodo dragon (Lair:2)
  3 fire elementals (Snake:3)
  A hog (D:9)
  2 hungry ghosts
  5 wargs
  3 swamp worms
  28 nagas
  18 soldier ants
  15 water moccasins
  2 hell hounds
  17 orc warriors
  20 porcupines
  12 black bears
  4 phantoms
  A swamp drake (Swamp:1)
  4 sky beasts
  3 ice beasts
  An eye of draining (D:8)
  A necrophage (D:8)
  10 centaurs
  10 ogres
  11 wolves
  12 crocodiles
  4 big kobolds
  3 gnoll sergeants
  15 bullfrogs
  A wyvern skeleton (D:7)
  5 scorpions
  55 killer bees
  7 howler monkeys
  A torpor snail simulacrum (Lair:2)
  4 electric eels (D:9)
  5 crimson imps
  A quasit (D:11)
  A centaur zombie (D:12)
  20 orc priests
  Crazy Yiuf (D:2)
  4 bullfrog skeletons
  2 gnoll shamans (D:9)
  8 hounds
  A jelly (D:12)
  38 orc wizards
  4 iguanas
  35 worker ants
  7 hell rats (Lair:5)
  A hound zombie (D:10)
  A hound skeleton (D:4)
  2 worker ant zombies
  20 adders
  11 gnolls
  A shadow imp (D:5)
  An ooze (D:1)
  2 worms (D:2)
  6 dart slugs
  A leopard gecko (D:5)
  66 orcs
  8 bats
  2 giant cockroaches
  20 hobgoblins
  8 jackals
  16 kobolds
  6 quokkas
  7 frilled lizards
  33 goblins
  A leopard gecko zombie (D:9)
  5 rats
  3 fungi
  5 plants
919 creatures vanquished.

Vanquished Creatures (others)
  18 fungi
  46 plants
64 creatures vanquished.

Grand Total: 983 creatures vanquished

Notes
Turn   | Place    | Note
-------+----------+-------------------------------------------
     0 | D:1      | Kaptain the Gargoyle Earth Elementalist began the quest for
                  | the Orb.
     0 | D:1      | Reached XP level 1. HP: 10/10 MP: 3/3
   215 | D:1      | Reached XP level 2. HP: 15/16 MP: 1/5
   362 | D:1      | Reached skill level 4 in Earth Magic
   584 | D:1      | Reached XP level 3. HP: 16/20 MP: 1/6
   652 | D:1      | Reached skill level 1 in Fighting
   688 | D:1      | Reached skill level 1 in Armour
  1509 | D:2      | Found a faded altar of an unknown god.
  1557 | D:2      | Reached XP level 4. HP: 25/25 MP: 6/8
  1599 | D:2      | Found a runed translucent door.
  1600 | D:2      | Noticed Crazy Yiuf
  1747 | D:2      | Learned a level 3 spell: Stone Arrow
  2393 | D:2      | Killed Crazy Yiuf
  2393 | D:2      | Reached XP level 5. HP: 23/30 MP: 4/9
  2961 | D:3      | Reached skill level 5 in Earth Magic
  2971 | D:3      | Learned a level 5 spell: Lee's Rapid Deconstruction
  3692 | D:4      | Found an ornate altar of the Wu Jian Council.
  3988 | D:5      | Entered Level 5 of the Dungeon
  4127 | D:5      | Reached XP level 6. HP: 32/35 MP: 1/11
  4323 | D:5      | Noticed an ice beast
  4335 | D:5      | Killed an ice beast
  4335 | D:5      | Reached skill level 6 in Earth Magic
  4340 | D:5      | Reached XP level 7. HP: 32/40 MP: 1/13
  5385 | D:5      | Reached skill level 7 in Earth Magic
  5399 | D:5      | Reached skill level 5 in Spellcasting
  5399 | D:5      | Reached XP level 8. HP: 38/46 MP: 13/15
  5417 | D:5      | Reached skill level 1 in Conjurations
  5654 | D:5      | Found a staircase to the Ecumenical Temple.
  5662 | Temple   | Entered the Ecumenical Temple
  6320 | D:6      | Reached skill level 10 in Earth Magic
  6320 | D:6      | Reached XP level 9. HP: 55/55 MP: 15/20
  7437 | D:7      | Reached XP level 10. HP: 61/61 MP: 10/22
  8228 | D:8      | Reached skill level 11 in Earth Magic
  8405 | D:8      | Noticed a cyclops
  8407 | D:8      | Killed a cyclops
  8599 | D:8      | Got translucent steam dragon scales
  8602 | D:8      | Identified The Lost Compendium of the Archmage
  8920 | D:8      | Identified the +2 steam dragon scales of Truth {Int+2
                  | Dex+4} (You found it on level 8 of the Dungeon)
  9158 | D:8      | Found a staircase to the Lair.
  9224 | D:8      | Reached XP level 11. HP: 66/66 MP: 17/23
  9768 | D:9      | Noticed a two-headed ogre
  9785 | D:9      | Killed a two-headed ogre
  9992 | D:9      | Noticed a manticore
  9998 | D:9      | Killed a manticore
 10177 | D:9      | Reached skill level 12 in Earth Magic
 10600 | D:9      | Noticed a two-headed ogre
 10603 | D:9      | Killed a two-headed ogre
 10603 | D:9      | Noticed a two-headed ogre
 10616 | D:9      | Killed a two-headed ogre
 10809 | D:9      | Noticed a two-headed ogre
 10822 | D:9      | Killed a two-headed ogre
 10827 | D:9      | Reached XP level 12. HP: 73/73 MP: 0/25
 11418 | D:9      | Reached skill level 10 in Conjurations
 11696 | D:9      | Reached skill level 10 in Spellcasting
 11775 | D:9      | Reached skill level 1 in Shields
 12037 | D:9      | Found a glowing golden altar of the Shining One.
 12653 | Lair:1   | Entered Level 1 of the Lair of Beasts
 13037 | Lair:1   | Reached skill level 13 in Earth Magic
 13219 | Lair:1   | Got a bloodstained scale mail
 13220 | Lair:1   | Identified the +8 scale mail of the Gravedigger {Int+3
                  | Dex+3 SInv} (You found it on level 1 of the Lair of Beasts)
 14346 | Lair:2   | Found a runed translucent gate.
 14346 | Lair:2   | Found a runed translucent gate.
 14346 | Lair:2   | You fall into a shaft and drop 2 floors!
 14411 | Lair:4   | Identified a scroll of acquirement
 14411 | Lair:4   | Acquired the +2 buckler "Azydeawidd" {rPois Int+9 SInv}
 14440 | Lair:4   | Noticed a death yak
 14441 | Lair:4   | Noticed a death yak
 14447 | Lair:4   | Killed a death yak
 14447 | Lair:4   | Noticed a death yak
 14449 | Lair:4   | Noticed a death yak
 14477 | Lair:4   | Killed a death yak
 14543 | Lair:4   | Killed a death yak
 14543 | Lair:4   | Reached XP level 13. HP: 79/79 MP: 1/27
 15255 | Lair:2   | Found a runed translucent gate.
 15257 | Lair:2   | Noticed Fiaforyo's ghost (journeyman OpCj)
 16078 | Lair:3   | Found a staircase to the Snake Pit.
 16335 | Lair:3   | Reached skill level 14 in Earth Magic
 16663 | Lair:3   | Found a staircase to the Swamp.
 18784 | Lair:5   | Reached skill level 5 in Shields
 18790 | Lair:5   | Gained mutation: Your large and strong wings let you fly
                  | indefinitely. [Gargoyle growth]
 18790 | Lair:5   | Reached XP level 14. HP: 86/86 MP: 16/29
 19843 | Lair:5   | Found a staircase to the Slime Pits.
 20143 | Lair:5   | Identified the Compendium of Twisted Confrontation
 20391 | Lair:6   | Entered Level 6 of the Lair of Beasts
 20405 | Lair:6   | Noticed an entropy weaver
 20407 | Lair:6   | Noticed an entropy weaver
 21181 | Lair:6   | Reached skill level 15 in Earth Magic
 21322 | Lair:6   | Killed an entropy weaver
 21432 | Lair:6   | Killed an entropy weaver
 21432 | Lair:6   | Reached skill level 10 in Fighting
 22866 | Lair:6   | Noticed a dire elephant
 22866 | Lair:6   | Noticed a dire elephant
 22876 | Lair:6   | Killed a dire elephant
 22878 | Lair:6   | Killed a dire elephant
 23029 | Lair:6   | Got a glimmering leather armour
 23032 | Lair:6   | Got an ancient robe
 23033 | Lair:6   | Identified the +1 leather armour of Loll {rElec rC++ Dex-3
                  | SInv} (You found it on level 6 of the Lair of Beasts)
 23034 | Lair:6   | Identified the +0 robe of Winter {Int+7} (You found it on
                  | level 6 of the Lair of Beasts)
 23070 | Lair:6   | Noticed a dire elephant
 23071 | Lair:6   | Noticed a dire elephant
 23082 | Lair:6   | Killed a dire elephant
 23082 | Lair:6   | Reached XP level 15. HP: 55/92 MP: 1/31
 23769 | Lair:2   | Killed Fiaforyo's ghost
 23948 | D:10     | Entered Level 10 of the Dungeon
 24986 | D:10     | Found a runed translucent gate.
 24986 | D:10     | Found a runed translucent gate.
 24986 | D:10     | Found a runed translucent gate.
 24987 | D:10     | Noticed TheNamelessOne's ghost (journeyman FoFi)
 25019 | D:10     | Killed TheNamelessOne's ghost
 25026 | D:10     | Got a brightly glowing scimitar
 25875 | D:11     | Reached skill level 16 in Earth Magic
 25974 | D:11     | Found a burning altar of Makhleb.
 26099 | D:11     | Found a hazy altar of Hepliaklqana.
 26511 | D:11     | Found Reuptaxu's Antique Weapon Boutique.
 27164 | D:12     | Acquired 1200 gold pieces
 27224 | D:12     | Found a staircase to the Orcish Mines.
 27640 | Orc:1    | Entered Level 1 of the Orcish Mines
 27975 | Orc:1    | Noticed Urug
 28100 | Orc:1    | Killed Urug
 28334 | Orc:2    | Entered Level 2 of the Orcish Mines
 28666 | Orc:2    | Found Udoligun's Distillery.
 29491 | Orc:2    | Found Kasiahe's Distillery.
 29561 | Orc:2    | Found an ancient bone altar of Kikubaaqudgha.
 29561 | Orc:2    | Noticed Nergalle
 29571 | Orc:2    | Killed Nergalle
 29961 | Orc:2    | Found Duleeg's Antique Armour Shop.
 29972 | Orc:2    | Paralysed by an orc sorcerer for 2 turns
 30002 | Orc:2    | Noticed Erolcha
 30005 | Orc:2    | Killed Erolcha
 30177 | Orc:2    | Found a radiant altar of Vehumet.
 30222 | Orc:2    | Found Imocw's Antique Armour Boutique.
 30222 | Orc:2    | Found a roughly hewn altar of Beogh.
 30239 | Orc:2    | Found Daug's Gadget Shop.
 30386 | Orc:2    | Found a staircase to the Elven Halls.
 30419 | Orc:2    | Learned a level 1 spell: Animate Skeleton
 30647 | Snake:1  | Entered Level 1 of the Snake Pit
 31269 | Snake:1  | Identified the +3 scimitar of the Pariah {protect, Dex+4}
                  | (You found it on level 10 of the Dungeon)
 31286 | Snake:1  | Noticed a nagaraja
 31290 | Snake:1  | Killed a nagaraja
 31290 | Snake:1  | Reached XP level 16. HP: 100/100 MP: 11/33
 32692 | Snake:2  | Found a shattered altar of Ashenzari.
 32865 | Snake:2  | Noticed a nagaraja
 32868 | Snake:2  | Killed a nagaraja
 32998 | Snake:2  | Reached skill level 17 in Earth Magic
 34051 | Snake:2  | Got an iridescent quarterstaff
 34280 | Snake:2  | Identified the +3 quarterstaff of the Scroll {venom, rC+
                  | Int+3} (You found it on level 2 of the Snake Pit)
 34359 | Snake:2  | Found a runed translucent door.
 34431 | Snake:2  | Reached skill level 15 in Conjurations
 34571 | Snake:2  | Reached skill level 5 in Dodging
 34671 | Snake:3  | Noticed Azrael
 34894 | Snake:2  | Killed Azrael
 34996 | Snake:2  | Learned a level 2 spell: Passwall
 34999 | Snake:2  | Learned a level 2 spell: Shroud of Golubria
 35005 | Snake:2  | Learned a level 5 spell: Borgnjor's Vile Clutch
 35018 | Snake:3  | Noticed Louise
 35280 | Swamp:1  | Entered Level 1 of the Swamp
 35821 | Swamp:1  | Slain by a shambling mangrove

Illustrated notes

Levels and vault maps discovered:
D:1:      enne_arrival_octagon_isle, layout_loops_ring
D:2:      layout_basic, chequers_ecumenical_altar_simple_redux, first_ration,
          uniq_crazy_yiuf_cottage
D:3:      layout_loops_ring
D:4:      layout_loops_ring, kennysheep_mini
D:5:      minmay_goblin_kobold_castle, layout_rooms, temple_statues
D:6:      layout_loops_cross, minmay_circle_x
D:7:      layout_basic
D:8:      minmay_the_grid_square_5x5_3x3
          [minmay_the_grid_square_5x5_beaten_path,
          minmay_the_grid_square_5x5_forky, minmay_the_grid_square_5x5_one_wall,
          minmay_the_grid_square_5x5_plus,
          minmay_the_grid_square_5x5_megaprize_diamond,
          minmay_the_grid_square_5x5_detours,
          minmay_the_grid_square_5x5_moneybag,
          minmay_the_grid_square_5x5_hourglass,
          minmay_the_grid_square_5x5_dogpile], layout_basic,
          minmay_lair_entry_grove
D:9:      kennysheep_town
D:10:     layout_irregular_city, gammafunk_ghost_hydra_chop, david_nohive_1,
          minmay_statues_item, chequers_serial_rivers_micro_b,
          chequers_arboretum
D:11:     wad_woods_stonehenge, layout_cave_pods, serial_shops,
          nicolae_shop_waterfront, basic_altar, minmay_checkerbox
D:12:     layout_rooms, david_orc_3
Temple:   nicolae_temple_the_god_donut
Lair:1:   layout_loops_ring, special_room [special_room_bee], grunt_megastairs_4
Lair:2:   layout_roguey, gammafunk_ghost_necromancy, st_stairs_3,
          cheibrodos_lair_lostbears, infiniplex_staircase_pool_2,
          grunt_megastairs_3
Lair:3:   layout_chaotic_city, minmay_swamp_entry_worms,
          guppyfry_snake_entry_island
Lair:4:   layout_layer_cave
Lair:5:   layout_cellular_growth, dpeg_slime_entry_corner, nzn_random_ring,
          infiniplex_staircase_pool, serial_bayou_shore_a, serial_bayou_shore_b,
          lemuel_fruit_tree, grunt_megastairs_2, serial_bayou_shore_b
Lair:6:   due_jungle_book, layout_hall_layers, zaba_anthell
Swamp:1:  layout_basic_swamp, serial_swamp_ruin, evilmike_swamp_ruin_house_6,
          evilmike_swamp_ruin_rubble_1, evilmike_swamp_ruin_rubble_2
Snake:1:  layout_basic, grunt_megastairs_1
Snake:2:  cheibrodos_toxic_ritual, layout_misc_corridors, basic_altar,
          grunt_ministairs_9
Snake:3:  layout_onion, st_stairs_14, chequers_hall_statues_corner_a,
          minmay_shoptagon, uniq_aizul, uniq_louise, uniq_azrael
Orc:1:    layout_caves, uniq_urug
Orc:2:    kennysheep_orc_mage_school, layout_diamond_mine, serial_shops, shop

Skill      XL: |  1  2  3  4  5  6  7  8  9 10 11 12 13 14 15 16 |
---------------+-------------------------------------------------+-----
Earth Magic    | 4 5 6 7 10 11 12 13 14 15 16 17 | 17.4
Fighting       | 1 2 3 6 7 8 9 10 11 | 11.7
Armour         | 1 2 3 6 7 8 9 |  9.0
Spellcasting   | 3 4 5 7 8 9 10 11 12 13 | 13.9
Conjurations   | 6 7 8 9 11 12 13 14 15 | 15.2
Dodging        | 3 4 5 |  5.2
Shields        | 3 5 6 |  6.0
Stealth        | 3 |  3.6
Transmutations | |  0.7

Action                   |  1- 3 |  4- 6 |  7- 9 | 10-12 | 13-15 | 16-18 || total
-------------------------+-------+-------+-------+-------+-------+-------++-------
Melee: Short sword       |    41 |       |       |       |       |       ||    41
       Mace              |       |    34 |    42 |     8 |       |       ||    84
       Quarterstaff      |       |     6 |       |       |       |       ||     6
       Morningstar       |       |     7 |     1 |       |     2 |       ||    10
       Staff             |       |       |       |    26 |    12 |     2 ||    40
       Falchion          |       |       |       |    33 |       |       ||    33
       Demon blade       |       |       |       |       |    95 |     4 ||    99
 Cast: Sandblast         |    51 |    66 |   123 |   219 |   287 |    20 ||   766
       Stone Arrow       |       |     1 |    14 |    71 |   135 |    50 ||   271
       Lee's Rapid Decon |       |       |     2 |    61 |   288 |   113 ||   464
 Abil: Fly               |       |       |       |       |     1 |       ||     1
Evoke: Wand              |       |       |       |     2 |     6 |     3 ||    11
  Use: Scroll            |     2 |    10 |       |     8 |    10 |    14 ||    44
       Potion            |       |       |     2 |       |       |     7 ||     9
 Stab: Sleeping          |     1 |       |       |       |       |       ||     1
       Invisible         |       |       |     1 |       |       |       ||     1
  Eat: Chunk             |     3 |     8 |    10 |    33 |    33 |     1 ||    88
       Ration            |       |       |       |       |     5 |     4 ||     9
Armor: Leather armour    |    14 |    40 |    68 |    30 |       |       ||   152
       Steam dragon scal |       |       |       |    79 |   139 |    82 ||   300
Dodge: Dodged            |    34 |    42 |    71 |   121 |   148 |    79 ||   495
Block: Buckler           |       |       |       |       |   124 |    63 ||   187
       Rpst.: Falchion   |       |       |       |    12 |       |       ||    12
       Demon blade       |       |       |       |       |    18 |     1 ||    19
